 Dungeon Sprint DCSS version 0.26-a0-661-g406de6ba63 (webtiles) character file.

Game seed: 5430241625383881136

82 sahdkjhfkaj the Geomancer (level 4, -1/36 HPs)
             Began as a Gargoyle Earth Elementalist on Oct 8, 2020.
             Slain by a human (5 damage)
             ... in the Dungeon (Sprint III: "The Ten Rune Challenge").
             The game lasted 00:00:59 (326 turns).

sahdkjhfkaj the Geomancer (GrEE)                     Turns: 326, Time: 00:00:59

Health: -1/36      AC:  5    Str: 11    XL:     4   Next: 43%
Magic:  1/10       EV: 12    Int: 17    God:
Gold:   19         SH:  0    Dex: 10    Spells: 8/12 levels left

rFire    . . .     SeeInvis .   (no weapon)
rCold    . . .     Faith    .   (no shield)
rNeg     + . .     Spirit   .   c - +0 robe
rPois    ∞         Reflect  .   (no helmet)
rElec    +         Harm     .   (no cloak)
rCorr    .         Rampage  .   (no gloves)
MR       .....     NoTele   +   (no boots)
Stlth    ..........             (no amulet)
HPRegen  0.12/turn              (no ring)
MPRegen  0.12/turn              (no ring)

@: berserking, very quick
A: negative energy resistance 1, electricity resistance, unbreathing,
petrification resistance, rot immunity, AC +3
a: no special abilities


You were in the Dungeon.
You visited 1 branch You collected 19 gold pieces.

Inventory:

Missiles
 b - 18 stones (quivered)
Armour
 c - a +0 robe (worn)
Scrolls
 a - a scroll of torment {unknown}
 i - a scroll of blinking
 j - 3 scrolls of identify {unknown}
 l - a scroll of holy word {unknown}
 m - 2 scrolls of remove curse
Potions
 d - a potion of curing
 e - a potion of heal wounds
 f - a potion of haste
 g - 2 potions of magic
 k - 2 potions of flight {unknown}
 n - 5 potions of mutation


   Skills:
 - Level 1.5 Dodging
 - Level 2.1 Stealth
 + Level 4.7 Spellcasting
   Level 0.7 Transmutations
 * Level 8.9 Earth Magic


You had 8 spell levels left.
You knew the following spells:

 Your Spells              Type           Power        Failure   Level
a - Sandblast             Erth           ####..       1%          1
b - Stone Arrow           Conj/Erth      ###...       7%          3

Your spell library contained the following spells:

 Spells                   Type           Power        Failure   Level
 Passwall                 Tmut/Erth      ###.....     3%          2
 Lee's Rapid Deconstruct  Erth           ####......   10%         5
 Petrify                  Tmut/Erth      ###.....     21%         4


Dungeon Overview and Level Annotations

Branches:
Dungeon (1/1)

Altars:


Innate Abilities, Weirdness & Mutations

You are resistant to torment.
Your stone body is resilient. (AC +3)
You are immune to poison.
You resist negative energy. (rN+)
You are resistant to electric shocks. (rElec)
You can survive without breathing.
You are immune to petrification.
You are immune to rotting.


Message History

No matching monsters.
Describe a (M)onster, (S)pell, s(K)ill, (A)bility, (C)ard, (I)tem, (F)eature, (G)od, (B)ranch, c(L)oud or s(T)atus?
Describe a monster; partial names and regexps are fine.
Enter a single letter to list monsters displayed by that symbol.
Describe what? human Describe a (M)onster, (S)pell, s(K)ill, (A)bility, (C)ard, (I)tem, (F)eature, (G)od, (B)ranch, c(L)oud or s(T)atus?
Okay, then.
Unknown command.
You miss the human.
The human is severely wounded.
You closely miss the human.
The human is severely wounded.
The human barely misses you.
You hit the human.
The human is almost dead.
The human barely misses you.
You closely miss the human.
The human is almost dead.
You closely miss the human.
The human is almost dead.
The human hits you.
You die...

▓▓▓▓▓▓▓▓▓▓▓▓
▓<.#..'....♣
▓..#..#....♣
▓#'####.@..♣♣
▓.[...#..p.≈♣♣♣
▓....†#...≈≈♣.♣
▓....[#..≈≈≈≈♣♣
▓####'#..≈≈≈≈≈≈♣
▓....†#.≈≈≈≈≈≈....#
▓.....#.≈≈≈≈≈.....#
▓.....#.≈≈≈.......#
▓'#####...........#


You could see a human.

Vanquished Creatures
  A scorpion (D)
  Jessica (D)
  An ooze (D)
  2 rats (D)
5 creatures vanquished.

Vanquished Creatures (others)
  A plant (D)
1 creature vanquished.

Grand Total: 6 creatures vanquished

Notes
Turn   | Place    | Note
-------+----------+-------------------------------------------
     0 | D        | sahdkjhfkaj the Gargoyle Earth Elementalist began the quest
                  | for the Orb.
     0 | D        | Reached XP level 1. HP: 10/10 MP: 3/3
     4 | D        | Reached skill level 4 in Earth Magic
    48 | D        | Reached skill level 5 in Earth Magic
    62 | D        | Noticed Jessica
    66 | D        | Killed Jessica
    66 | D        | Reached skill level 7 in Earth Magic
    66 | D        | Reached XP level 2. HP: 15/15 MP: 0/6
    66 | D        | Reached XP level 3. HP: 19/19 MP: 0/8
   141 | D        | Learned a level 3 spell: Stone Arrow
   192 | D        | Noticed a scorpion
   209 | D        | Killed a scorpion
   209 | D        | Reached skill level 8 in Earth Magic
   209 | D        | Reached XP level 4. HP: 22/24 MP: 1/10
   326 | D        | Slain by a human

Illustrated notes

Levels and vault maps discovered:
D:        dungeon_sprint_mu [sprint_mu_entry_forest, sprint_mu_temple_rooms,
          sprint_mu_d1_horrors, sprint_mu_d2_genie, sprint_mu_d3_branching,
          sprint_mu_orc_legion, sprint_mu_elf_gauntlet, sprint_mu_hive_nellie,
          sprint_mu_lair_fedhas, sprint_mu_vaults_butterflies,
          sprint_mu_slime_circle, sprint_mu_swamp_cave, sprint_mu_snake_twists,
          sprint_mu_blade_basic, sprint_mu_crypt_lich, sprint_mu_tomb_spiral,
          sprint_mu_vestibule_basic, sprint_mu_gehenna_hellfire,
          sprint_mu_dis_giant, sprint_mu_tartarus_statrot,
          sprint_mu_cocytus_islands, sprint_mu_zot1]

Skill      XL: |  1  2  3 |
---------------+----------+-----
Earth Magic    | 7 8 |  8.9
Spellcasting   | 3 4 |  4.7
Dodging        | |  1.5
Stealth        | |  2.1
Transmutations | |  0.7

Action                   |  1- 3 |  4- 6 || total
-------------------------+-------+-------++-------
Melee: Unarmed           |    11 |    15 ||    26
 Cast: Sandblast         |     9 |     3 ||    12
       Stone Arrow       |     3 |     3 ||     6
  Use: Potion            |       |     1 ||     1
Armor: Robe              |     5 |       ||     5
Dodge: Dodged            |     5 |    12 ||    17

Table legend: (Time is in decaauts)
 A = Elapsed time spent in this place.
 B = Non-inter-level travel time spent in this place.
 C = Inter-level travel time spent in this place.
 D = Time resting spent in this place.
 E = Time spent auto-exploring this place.
 F = Levels seen in this place.
 G = Mean time per level.
                   A        B        C        D        E       F      G
               +--------+--------+--------+--------+--------+-----+--------+
         Total |    326 |    326 |      0 |    184 |     47 |   1 |  326.0 |
       Dungeon |    326 |    326 |      0 |    184 |     47 |   1 |  326.0 |
               +--------+--------+--------+--------+--------+-----+--------+

Top non-repeatable levels by time:
       D: 326 daAuts
